 Dungeon Crawl Stone Soup version 0.22.1-2-g9c5b331 (webtiles) character file.

153 Gearfox the Bolt Thrower (level 5, -8/31 HPs)
             Began as a Kobold Hunter on Dec 8, 2018.
             Was a Follower of Dithmenos.
             Mangled by a gnoll
             ... wielding a +0 halberd
              (16 damage)
             ... on level 4 of the Dungeon.
             The game lasted 00:06:35 (2887 turns).

Gearfox the Bolt Thrower (Kobold Hunter)            Turns: 2887, Time: 00:06:35

Health: -8/31      AC:  3    Str: 11    XL:     5   Next: 61%
Magic:  5/5        EV: 15    Int: 12    God:    Dithmenos [*.....]
Gold:   143        SH:  0    Dex: 15    Spells: 4/4 levels left

rFire    . . .     SeeInvis .   a - +3 hand crossbow
rCold    . . .     Gourm    .   (shield restricted)
rNeg     . . .     Faith    .   c - +0 leather armour
rPois    .         Spirit   .   (no helmet)
rElec    .         Reflect  .   (no cloak)
rCorr    .         Harm     .   (no gloves)
MR       .....                  (no boots)
Stlth    ++........             (no amulet)
HPRegen  0.10/turn              (no ring)
MPRegen  0.09/turn              (no ring)

@: wreathed by umbra
A: small, carnivore
a: Renounce Religion


You were on level 4 of the Dungeon.
You worshipped Dithmenos.
Dithmenos was aware of your devotion.
You were very full.

You visited 1 branch of the dungeon, and saw 4 of its levels.

You collected 143 gold pieces.

Inventory:

Hand Weapons
 a - a +3 hand crossbow (weapon)
 b - a +0 short sword
Missiles
 d - 46 bolts (quivered)
Armour
 c - a +0 leather armour (worn)
 j - a +0 chain mail
 k - a +3 chain mail
 o - a +1 chain mail of poison resistance
Scrolls
 h - a scroll of remove curse
Potions
 e - a potion of agility {unknown}
 g - 2 potions of heal wounds {unknown}
 l - a potion of haste {unknown}
 m - 2 potions of curing {unknown}
 n - a potion of lignification {unknown}
Comestibles
 f - 6 rations
 i - 2 chunks of flesh


   Skills:
 + Level 2.7 Fighting
 * Level 7.4 Crossbows
 + Level 2.7 Dodging
 - Level 1.3 Stealth


You had 4 spell levels left.
You didn't know any spells.
Your spell library was empty.

Dungeon Overview and Level Annotations

Branches:
Dungeon (4/15)
 Temple: D:4-7

Altars:
Dithmenos
Elyvilon


Innate Abilities, Weirdness & Mutations

You are small and have problems with some larger weapons.
You are carnivorous and can eat meat at any time.


Message History

The gnoll is almost dead.
The gnoll hits you with a halberd!
* * * LOW HITPOINT WARNING * * *
The gnoll barely misses you.
Firing (i - inventory)
d - 48 bolts (quivered)
Press: ? - help, Shift-Dir - straight line, f/p - gnoll
Aim: a gnoll, wielding a halberd (almost dead)
You shoot a bolt. The bolt hits the gnoll!
You kill the gnoll!
Dithmenos accepts your kill.
You are shrouded in an aura of darkness!
The gnoll barely misses you.
Firing (i - inventory)
d - 47 bolts (quivered)
Press: ? - help, Shift-Dir - straight line, f - gnoll
Aim: a gnoll, wielding a halberd (umbra)
You shoot a bolt. The bolt hits the gnoll.
The gnoll is lightly wounded.
The gnoll hits you with a halberd!
Ouch! That really hurt!
You die...

.# . ##.
#(. #.#
#.# #.#
#)# #@#
#g# #[#
#.# #.#
########.#
.........#
.#########


You could see a gnoll.

Vanquished Creatures
  An orc wizard (D:3)
  4 adders
  3 gnolls (D:4)
  2 worms (D:2)
  A dart slug (D:2)
  3 orcs (D:3)
  2 giant cockroaches (D:3)
  3 goblins
  4 hobgoblins
  4 jackals (D:2)
  A quokka (D:2)
  A ball python (D:2)
  3 bats
  3 frilled lizards
  7 kobolds
  10 rats
52 creatures vanquished.

Notes
Turn   | Place    | Note
-------+----------+-------------------------------------------
     0 | D:1      | Gearfox the Kobold Hunter began the quest for the Orb.
     0 | D:1      | Reached XP level 1. HP: 12/12 MP: 1/1
   126 | D:1      | Reached skill level 5 in Crossbows
   285 | D:1      | You fall through a shaft!
   301 | D:2      | Reached XP level 2. HP: 8/17 MP: 2/2
   675 | D:1      | Reached XP level 3. HP: 21/21 MP: 3/3
  1503 | D:2      | Reached skill level 6 in Crossbows
  1582 | D:2      | Found a shadowy altar of Dithmenos.
  1625 | D:2      | Became a worshipper of Dithmenos the Shadowed
  1703 | D:2      | Reached XP level 4. HP: 27/27 MP: 4/4
  1938 | D:3      | Reached XP level 5. HP: 29/31 MP: 5/5
  1943 | D:3      | Reached skill level 7 in Crossbows
  2311 | D:3      | Found a white marble altar of Elyvilon.
  2886 | D:4      | Reached * piety under Dithmenos
  2887 | D:4      | Mangled by a gnoll

Skill      XL: |  1  2  3  4  5 |
---------------+----------------+-----
Crossbows      | 5 6 7 |  7.4
Fighting       | |  2.7
Dodging        | |  2.7
Stealth        | |  1.3

Action                   |  1- 3 |  4- 6 || total
-------------------------+-------+-------++-------
 Fire: Hand crossbow     |    48 |    62 ||   110
  Use: Scroll            |     4 |       ||     4
  Eat: Chunk             |    10 |     2 ||    12
Armor: Leather armour    |     2 |    10 ||    12
Dodge: Dodged            |    20 |    49 ||    69
